 Dungeon Crawl Stone Soup version 0.31-a0-940-gdaa99269f9 (webtiles) character file.

Game seed: 3989962382764790912

5473 DocEon the Severer (level 10, 0/88 HPs)
             Began as a Minotaur Berserker on Oct 21, 2023.
             Was an Elder of Trog.
             Slain by an orc warrior
             ... wielding a +0 trident
              (19 damage)
             ... in a bailey.
             The game lasted 00:05:28 (7878 turns).

DocEon the Severer (Minotaur Berserker)             Turns: 7878, Time: 00:05:28

Health: 0/88       AC:  7    Str: 24    XL:     10   Next: 42%
Magic:  0/9        EV: 12    Int:  4    God:    Trog [****..]
Gold:   445        SH:  0    Dex: 12    Spells: 9/9 levels left

rFire   . . .        a - +5 war axe
rCold   + . .        (no shield)
rNeg    + . .        j - +0 leather armour {rC+}
rPois   .            (helmet restricted)
rElec   .            d - +1 cloak
rCorr   .            (no gloves)
SInv    .            F - +0 pair of boots
Will    ++...        f - amulet of guardian spirit
Stlth   +            p - ring of positive energy
HPRegen 1.34/turn    (no ring)
MPRegen 0.11/turn

%: guardian spirit
@: strong-willed, on berserk cooldown, regenerating, slowed, very slow
A: horns 2, retaliatory headbutt
a: Renounce Religion, Berserk, Trog's Hand, Brothers in Arms


You were in a bailey.
You worshipped Trog.
Trog was greatly pleased with you.
You visited 1 branch of the dungeon, and saw 8 of its levels.
You also visited: Ossuary and Bailey.

You collected 445 gold pieces.

Inventory:

Hand Weapons
 a - a +5 war axe (weapon)
Missiles
 i - a throwing net
Armour
 b - a +0 animal skin
 d - a +1 cloak (worn)
 j - a +0 leather armour of cold resistance (worn)
 F - a +0 pair of boots (worn)
Jewellery
 f - an amulet of guardian spirit (around neck)
 p - a ring of positive energy (left hand)
 z - a ring of ice
 C - a ring of resist corrosion
Wands
 l - a wand of flame (32)
 n - a wand of polymorph (10)
 A - a wand of mindburst (8)
Scrolls
 h - 2 scrolls of blinking
 k - a scroll of immolation
 m - 2 scrolls of torment
 r - 2 scrolls of teleportation
 y - a scroll of enchant weapon
 B - a scroll of fear
Potions
 c - a potion of lignification
 e - 2 potions of might
 g - a potion of invisibility
 o - 4 potions of haste
 s - 2 potions of ambrosia
 t - 3 potions of mutation {unknown}
 u - a potion of cancellation {unknown}
 v - a potion of degeneration {unknown}
 w - 4 potions of curing {unknown}
 D - a potion of resistance {unknown}
 E - a potion of heal wounds {unknown}
 G - a potion of berserk rage {unknown}


   Skills:
 + Level 7.7 Fighting
 - Level 16.0 Axes
 + Level 7.2 Armour
 - Level 2.1 Dodging


You had 9 spell levels left.
You didn't know any spells.
Your spell library was empty.

Dungeon Overview and Level Annotations

Branches:
Dungeon (8/15)             Temple (0/1) D:6         Ossuary (visited)
 Bailey (1/1)
   Lair: D:8-11

Altars:
Dithmenos
Nemelex Xobeh
Zin

Annotations:
D:4 1 transporter


Innate Abilities, Weirdness & Mutations

You have a pair of horns on your head.
You reflexively headbutt those who attack you in melee.


Message History

The orc knight is moderately wounded.
You slash the orc knight! Your headbutt misses the orc knight.
The orc knight is moderately wounded.
The orc knight closely misses you.
You barely miss the orc knight. You headbutt the orc knight!!
The orc knight is severely wounded.
You are no longer berserk.
You are exhausted.
You feel yourself slow down.
The orc warrior hits you from afar with a +0 trident!!
You barely miss the orc knight. Your headbutt misses the orc knight.
The orc knight is severely wounded.
The orc knight hits you with a +0 halberd.
The orc warrior hits you from afar with a +0 trident!
* * * LOW HITPOINT WARNING * * *
You hit the orc knight but do no damage.
The orc knight is severely wounded.
The orc knight hits you but does no damage.
The orc warrior hits you from afar with a +0 trident.
* * * LOW HITPOINT WARNING * * *
The orc warrior hits you from afar with a +0 trident.
* * * LOW HITPOINT WARNING * * *
Blink to where?
Press: ? - help, Dir - move target
As you read the scroll of blinking, it crumbles to dust.
Aiming: Mindburst
Press: ? - help, Shift-Dir - straight line, f - orc knight
Aim: an orc knight, wielding a +0 halberd and wearing a +0 plate armour (severely wounded, chance to affect: 47%)
The orc knight's mind is blasted!!
Aiming: Mindburst
Press: ? - help, Shift-Dir - straight line, f/p - orc knight
Aim: an orc knight, wielding a +0 halberd and wearing a +0 plate armour (almost dead, chance to affect: 47%)
The orc knight's mind is blasted!
You blow up the orc knight!
Trog accepts your kill.
Your Armour skill increases to level 7!
Your skin crawls.
You feel strong-willed.
The orc warrior hits you from afar with a +0 trident!!
You die...

~~~~~~~..##
~.....~~..##
..###..~~..##########
.## ##..~~..........#
##.∩.##..~)~o~~~~~~.#
#.....##.)).))o)..~.#
###+###'#########o~.#
.§§.....# ##.~.#
≈§§≈≈≈§o. ##@)~.#
≈§§.oo≈≈.. ##..~~.#
..⌠∩o...... #..~~.∩#
...⌠...≈§..#+#..~).##
≈....§≈≈..+#.##..~~.#
≈≈≈.≈≈§..##...##..~.#
.....##.~.#
##########.~.# #
##..........~.#


You could see an orc warrior (strong).

Vanquished Creatures
  An orc knight (Bailey)
  A hornet (D:8)
  A wraith (Ossuary)
  A steam dragon (D:7)
  2 vampire mosquitoes (D:7)
  Edmund (D:4)
  3 water moccasins (D:7)
  6 orc warriors
  2 ice beasts (D:7)
  3 black bears
  2 sky beasts
  A centaur (D:8)
  4 ogres
  A phantom (D:6)
  2 bullfrogs (D:7)
  3 kobold brigands (D:7)
  A gnoll sergeant (D:8)
  3 scorpions
  15 wights
  2 howler monkeys
  6 hounds
  An orc priest (D:6)
  A jelly (D:6)
  2 sleepcaps
  Jessica (D:3)
  4 iguanas (D:4)
  2 orc wizards (D:7)
  A mummy (Ossuary)
  3 gnolls (D:8)
  4 adders
  3 dart slugs
  28 orcs
  5 bats
  7 endoplasms
  3 giant cockroaches
  7 goblins
  7 hobgoblins
  7 jackals
  13 kobolds
  4 quokkas
  3 ball pythons
  6 frilled lizards
  8 gnoll skeletons (Ossuary)
  3 kobold skeletons (Ossuary)
  14 orc skeletons (Ossuary)
  8 rats
206 creatures vanquished.

Notes
Turn   | Place    | Note
-------+----------+-------------------------------------------
     0 | D:1      | DocEon the Minotaur Berserker began the quest for the Orb.
     0 | D:1      | Reached XP level 1. HP: 19/19 MP: 0/0
    78 | D:1      | Reached skill level 4 in Axes
    85 | D:1      | Reached XP level 2. HP: 20/26 MP: 1/1
   404 | D:1      | Reached ** piety under Trog
   407 | D:1      | Reached skill level 5 in Axes
   444 | D:1      | Reached XP level 3. HP: 29/31 MP: 2/2
  1401 | D:2      | Found a faded altar of an unknown god.
  1726 | D:3      | Noticed Jessica
  1732 | D:3      | Killed Jessica
  1733 | D:3      | Reached skill level 6 in Axes
  1733 | D:3      | Reached XP level 4. HP: 39/39 MP: 3/3
  2304 | D:4      | Reached *** piety under Trog
  2305 | D:4      | Reached skill level 7 in Axes
  2305 | D:4      | Reached XP level 5. HP: 22/45 MP: 2/4
  2448 | D:4      | Found a sparkling altar of Nemelex Xobeh.
  2448 | D:4      | Found a transporter.
  2466 | D:4      | Found a sand-covered staircase.
  2466 | D:4      | Noticed Edmund
  2475 | D:4      | Killed Edmund
  2476 | D:4      | Reached skill level 8 in Axes
  2476 | D:4      | Reached XP level 6. HP: 42/51 MP: 3/5
  2527 | Ossuary  | Entered an ossuary
  2527 | Ossuary  | Noticed a wraith
  2527 | Ossuary  | Noticed a wraith
  2527 | Ossuary  | Noticed a wraith
  2773 | Ossuary  | Noticed a wraith
  2801 | Ossuary  | Killed a wraith
  2802 | Ossuary  | Reached skill level 9 in Axes
  3031 | D:4      | Reached XP level 7. HP: 48/57 MP: 4/6
  3705 | D:5      | Entered Level 5 of the Dungeon
  3771 | D:5      | Reached skill level 10 in Axes
  3812 | D:5      | Identified the +2 quarterstaff of Watchfulness {pain,
                  | *Noise *Slow rC+++ Int+7}
  4024 | D:5      | Reached skill level 11 in Axes
  4029 | D:5      | Reached XP level 8. HP: 7/63 MP: 1/7
  4427 | D:5      | Reached skill level 12 in Axes
  4714 | D:5      | Found a shadowy altar of Dithmenos.
  5057 | D:6      | Found a staircase to the Ecumenical Temple.
  5078 | D:6      | Reached skill level 13 in Axes
  5133 | D:6      | Identified the +0 whip "Pendulum" {heavy, rElec rC+}
  5281 | D:6      | Reached skill level 14 in Axes
  5291 | D:6      | Reached **** piety under Trog
  5668 | D:6      | Reached XP level 9. HP: 49/70 MP: 5/8
  6316 | D:7      | Reached skill level 15 in Axes
  6634 | D:7      | Reached skill level 16 in Axes
  6755 | D:7      | Reached skill level 5 in Fighting
  6765 | D:7      | Reached skill level 5 in Armour
  6765 | D:7      | Reached XP level 10. HP: 83/83 MP: 7/9
  7179 | D:8      | Found a glowing silver altar of Zin.
  7225 | D:8      | Found a flagged portal.
  7324 | Bailey   | Entered a bailey
  7851 | Bailey   | Noticed an orc knight
  7875 | Bailey   | Killed an orc knight
  7878 | Bailey   | Slain by an orc warrior

Illustrated notes

Levels and vault maps discovered:
D:1:      wander_arrival_fairy_ring, layout_basic, palyth_stone_intersect,
          nicolae_the_louvre
D:2:      layout_basic, basic_ecumenical_altar, minmay_circle_x
D:3:      layout_rooms, uniq_jessica
D:4:      layout_gridville, grunt_nemelex_the_gamble,
          nicolae_ossuary_entry_plus, uniq_edmund
D:5:      layout_basic, kennysheep_little_box
D:6:      layout_cave_pods, minmay_temple_entry_offerings, due_unseen_surprise
D:7:      minmay_slanted_spiral_squares, layout_basic, hangedman_decor_opposing
D:8:      layout_loops_ring, minmay_overflow_temple_hex, enter_bailey_3,
          uniq_prince_ribbit1, uniq_erica
Bailey:   bailey_polearm_1, bailey

Skill      XL: |  1  2  3  4  5  6  7  8  9 10 |
---------------+-------------------------------+-----
Axes           | 4 5 6 7 8 9 11 14 16 | 16.0
Fighting       | 5 7 |  7.7
Armour         | 5 7 |  7.2
Dodging        | |  2.1

Action                     |  1- 3 |  4- 6 |  7- 9 | 10-12 || total
---------------------------+-------+-------+-------+-------++-------
  Melee: Hand axe          |    48 |       |       |       ||    48
         Headbutt          |     4 |    18 |    29 |     8 ||    59
         War axe           |    36 |    95 |   158 |    81 ||   370
         Punch             |     1 |       |     2 |       ||     3
 Invoke: Berserk           |       |     2 |     4 |     3 ||     9
         Trog's Hand       |       |       |       |     4 ||     4
  Evoke: Wand              |       |       |       |     2 ||     2
    Use: Scroll            |     1 |     6 |     7 |     8 ||    22
 Armour: Animal skin       |    55 |    31 |       |       ||    86
         Leather armour    |       |    24 |    98 |   110 ||   232
  Dodge: Dodged            |    59 |    47 |    78 |    70 ||   254

Table legend: (Time is in decaauts)
 A = Elapsed time spent in this place.
 B = Non-inter-level travel time spent in this place.
 C = Inter-level travel time spent in this place.
 D = Time resting spent in this place.
 E = Time spent auto-exploring this place.
 F = Levels seen in this place.
 G = Mean time per level.
                   A        B        C        D        E       F      G
               +--------+--------+--------+--------+--------+-----+--------+
         Total |   7944 |   7802 |    142 |    888 |   5672 |  10 |  794.4 |
       Dungeon |   6887 |   6745 |    142 |    522 |   5253 |   8 |  860.9 |
       Ossuary |    484 |    484 |      0 |    131 |    226 |   1 |  484.0 |
        Bailey |    572 |    572 |      0 |    234 |    193 |   1 |  572.0 |
               +--------+--------+--------+--------+--------+-----+--------+

Top non-repeatable levels by time:
     D:6: 1141 daAuts
     D:5: 1076 daAuts
     D:4: 1069 daAuts
     D:7: 1041 daAuts
     D:2: 920 daAuts
     D:1: 817 daAuts
  Bailey: 572 daAuts
 Ossuary: 484 daAuts
     D:3: 464 daAuts
     D:8: 356 daAuts
